 Dungeon Crawl Stone Soup version 0.18.1-48-g4cf74bf (webtiles) character file.

224 DerBasler the Changer (level 5, -4/40 HPs)
             Began as a Draconian Transmuter on Aug 15, 2016.
             Slain by an orc
             ... wielding a +0 flail
              (7 damage)
             ... on level 4 of the Dungeon.
             The game lasted 00:09:32 (3803 turns).

DerBasler the Changer (Draconian Transmuter)        Turns: 3803, Time: 00:09:33

Health: -4/40      AC:  5    Str: 12    XL:     5   Next: 67%
Magic:  0/8        EV:  7    Int: 13    God:
Gold:   95         SH:  0    Dex: 17    Spells: 3 memorised, 2 levels left

rFire  . . .     SeeInvis .       - Unarmed
rCold  . . .     Gourm    .     (armour unavailable)
rNeg   . . .     Faith    .     (no shield)
rPois  .         Spirit   +     (helmet restricted)
rElec  .         Dismiss  .     (no cloak)
rCorr  .         Reflect  .     (no gloves)
SustAt .         Harm     .     (no boots)
MR     .....                    f - amulet of guardian spirit
Stlth  ++........               (no ring)
                                d - +4 ring of dexterity

@: not resistant to hostile enchantments, unstealthy
A: unfitting armour, cold-blooded, AC +5
a: no special abilities


You were on level 4 of the Dungeon.
You were very hungry.

You visited 1 branch of the dungeon, and saw 4 of its levels.

You collected 95 gold pieces.

Inventory:

Missiles
 a - 9 arrows
Jewellery
 d - a +4 ring of dexterity (left hand)
 f - an amulet of guardian spirit (around neck)
 h - an uncursed amulet of the gourmand
Scrolls
 c - a scroll of remove curse
 g - a scroll of amnesia
Potions
 e - a potion of curing {unknown}
 k - a potion of degeneration {unknown}
 l - a potion of lignification {unknown}
Books
 b - a book of Changes

   Spells                             Type                      Level
   a - Beastly Appendage              Transmutation                1
   b - Sticks to Snakes               Transmutation                2
   c - Spider Form                    Transmutation/Poison         3
   d - Ice Form                       Ice/Transmutation            4
   e - Blade Hands                    Transmutation                5
Comestibles
 j - a royal jelly


   Skills:
 - Level 1.1 Fighting
 - Level 1.7 Dodging
 + Level 3.1 Unarmed Combat
 - Level 2.0 Spellcasting
 - Level 6.0 Transmutations


You had 2 spell levels left.
You knew the following spells:

 Your Spells              Type           Power        Failure   Level  Hunger
a - Beastly Appendage     Trmt           ###...       1%          1    ##.....
b - Sticks to Snakes      Trmt           ###.....     3%          2    ###....
c - Spider Form           Trmt/Pois      #.........   21%         3    ####...


Dungeon Overview and Level Annotations

Branches:
Dungeon (4/15)
 Temple: D:4-7

Altars:


Innate Abilities, Weirdness & Mutations

Your plain brown scales are hard (AC +5).
Your body does not fit into most forms of armour.
You are cold-blooded and may be slowed by cold attacks.


Message History

You closely miss the giant gecko.
The giant gecko is almost dead.
The giant gecko barely misses you.
You completely miss the giant gecko.
The giant gecko is almost dead.
The giant gecko barely misses you.
You hit the giant gecko.
You kill the giant gecko!
No target in view!
No target in view!
No target in view!
There is a stone staircase leading down here.
You climb downwards.
The ogre hits you with a giant spiked club!!
The orc barely misses you.
There is a stone staircase leading up, spattered with blood here.
The ogre hits you with a giant spiked club!!
* * * LOW HITPOINT WARNING * * *
The orc hits you with a flail!
You die...

.)........#
##..........#
...........### .
..........###
#.##.#.........
#.#............
#.oO...........
#@....[......
#...............
####............
#........$...
..............
...........)...
................
................


You could see an ogre and an orc.

Vanquished Creatures
  A hound (D:3)
  An orc wizard (D:4)
  Terence (D:2)
  2 gnolls
  An adder (D:2)
  2 river rats (D:3)
  5 dart slugs
  7 giant geckos
  5 orcs (D:3)
  3 giant cockroaches
  9 goblins
  3 hobgoblins
  7 jackals (D:1)
  7 kobolds
  3 quokkas
  5 ball pythons
  2 bats
  A giant newt (D:2)
  9 rats
74 creatures vanquished.

Vanquished Creatures (collateral kills)
  A ball python (D:1)
  A goblin (D:1)
2 creatures vanquished.

Grand Total: 76 creatures vanquished

Notes
Turn   | Place    | Note
--------------------------------------------------------------
     0 | D:1      | DerBasler the Draconian Transmuter began the quest for the Orb.
     0 | D:1      | Reached XP level 1. HP: 16/16 MP: 3/3
   124 | D:1      | Reached XP level 2. HP: 11/23 MP: 5/5
   289 | D:1      | Learned a level 2 spell: Sticks to Snakes
   342 | D:1      | Reached skill level 3 in Transmutations
   901 | D:1      | Reached XP level 3. HP: 14/28 MP: 4/6
   993 | D:1      | Learned a level 3 spell: Spider Form
  1538 | D:2      | Reached skill level 4 in Transmutations
  1881 | D:2      | Noticed Terence
  1901 | D:2      | Killed Terence
  1901 | D:2      | Reached XP level 4. HP: 13/35 MP: 2/7
  2587 | D:2      | Reached skill level 5 in Transmutations
  3061 | D:3      | Reached XP level 5. HP: 31/40 MP: 1/8
  3560 | D:4      | Noticed an ogre
  3571 | D:3      | Reached skill level 6 in Transmutations
  3803 | D:4      | Slain by an orc

Skill      XL: |  1  2  3  4  5 |
---------------+----------------+-----
Transmutations | 3 4 5 6 |  6.0
Fighting       | |  1.1
Dodging        | |  1.7
Unarmed Combat | |  3.1
Spellcasting   | |  2.0

Action                   |  1- 3 |  4- 6 || total
-------------------------+-------+-------++-------
Melee: Unarmed           |   160 |   107 ||   267
       Tailslap          |    16 |     3 ||    19
       Kick              |     4 |       ||     4
       Punch             |     1 |     1 ||     2
 Cast: Beastly Appendage |     6 |       ||     6
       Sticks to Snakes  |     1 |     2 ||     3
       Spider Form       |     3 |    13 ||    16
  Use: Scroll            |     3 |     3 ||     6
  Eat: Chunk             |     3 |     4 ||     7
       Bread ration      |       |     1 ||     1
Armor: Skin              |    35 |    15 ||    50
Dodge: Dodged            |    96 |    76 ||   172
